 Dungeon Crawl Stone Soup version 0.28.0-53-g5a82cb258f (webtiles) character file.

Game seed: 4671943012477075265

664 RevDB the Magician (level 7, -1/57 HPs)
             Began as a Grey Draconian Hedge Wizard on June 30, 2022.
             Was an Initiate of the Shining One.
             Killed by nerve-wracking pain
             ... invoked by Menkaure
              (7 damage)
             ... on level 5 of the Dungeon.
             The game lasted 01:31:05 (6637 turns).

RevDB the Magician (Grey Draconian Hedge Wizard)    Turns: 6637, Time: 01:31:06

Health: -1/57      AC: 13    Str: 12    XL:     7   Next: 31%
Magic:  9/13       EV: 12    Int: 17    God:    the Shining One [......]
Gold:   221        SH:  0    Dex: 10    Spells: 10/14 levels left

rFire   . . .      SeeInvis .   b - +0 dagger (holy)
rCold   . . .      Faith    .   (no shield)
rNeg    . . .      Spirit   .   (armour unavailable)
rPois   +          Reflect  .   q - +1 hat
rElec   .          Harm     .   r - +0 cloak
rCorr   .          Rampage  .   (no gloves)
Will    .....                   (no boots)
Stlth   +.........              (no amulet)
HPRegen 0.19/turn               s - ring of poison resistance
MPRegen 0.13/turn               (no ring)

@: glowing
A: AC +11, amphibious, unfitting armour, cold-blooded
a: Renounce Religion


You were on level 5 of the Dungeon.
You worshipped the Shining One.
The Shining One was noncommittal.
You visited 1 branch of the dungeon, and saw 5 of its levels.

You collected 221 gold pieces.

Inventory:

Hand Weapons
 a - a +0 falchion
 b - a +0 dagger of holy wrath (weapon)
 l - a +0 short sword
 m - a +0 dagger
 t - a +0 long sword
Armour
 e - the +4 chain mail "Wuploigh" {rCorr Dex+2}
   (You found it on level 3 of the Dungeon)

   Dex:       It affects your dexterity (+2).
   rCorr:     It protects you from acid and corrosion.
 q - a +1 hat (worn)
 r - a +0 cloak (worn)
Jewellery
 s - a ring of poison resistance (left hand)
Scrolls
 f - a scroll of teleportation
 h - 2 scrolls of enchant armour
 i - a scroll of fog
 j - 3 scrolls of identify
 k - a scroll of enchant weapon
 p - 3 scrolls of fear {unknown}
Potions
 c - 2 potions of attraction
 d - a potion of brilliance
 g - 4 potions of curing
 n - a potion of berserk rage
 o - a potion of flight


   Skills:
 + Level 3.3 Fighting
 - Level 1.2(1.7) Short Blades
 + Level 1.6(1.9) Long Blades
 - Level 3.0 Dodging
 - Level 1.8 Stealth
 + Level 4.3 Spellcasting
 - Level 3.5 Conjurations
 - Level 3.2 Summonings
 - Level 1.0 Translocations
 + Level 1.1 Earth Magic
 + Level 0.5 Invocations


You had 10 spell levels left.
You knew the following spells:

 Your Spells              Type           Power      Damage    Failure   Level
a - Magic Dart            Conj           60%        1d6       3%          1
b - Call Imp              Summ           14%        N/A       6%          2
c - Slow                  Hex            12%        N/A       16%         1

Your spell library contained the following spells:

 Spells                   Type           Power      Damage    Failure   Level
 Blink                    Tloc           14%        N/A       16%         2
 Conjure Flame            Conj/Fire      9%         6-21      22%         3
 Mephitic Cloud           Conj/Pois/Air  7%         N/A       28%         3
 Confusing Touch          Hex            3%         N/A       41%         3
 Ignite Poison            Fire/Tmut/Pois 3%         N/A       41%         3
 Vampiric Draining        Necr           3%         2d6       41%         3
 Sticky Flame             Conj/Fire      9%         2d3       58%         4
 Petrify                  Tmut/Erth      5%         N/A       75%         4
 Metabolic Englaciation   Hex/Ice        1%         N/A       99%         5
 Statue Form              Tmut/Erth      3%         N/A       100%        6


Dungeon Overview and Level Annotations

Branches:
Dungeon (5/15)
 Temple: D:4-7

Altars:
Ashenzari
Xom
The Shining One

Shops:
D:2 !=(!

Annotations:
D:5 1 runed translucent door, Bediveer's ghost, novice DrTm; Eustachio; Menkaure; Prince Ribbit


Innate Abilities, Weirdness & Mutations

Your dull iron-grey scales are very hard. (AC +11)
You are amphibious.
You cannot fit into any form of body armour.
You are cold-blooded and may be slowed by cold attacks.


Message History

You completely miss Menkaure.
Menkaure points at you and mumbles some strange words.
You struggle to resist.
You barely miss Menkaure. You tail-slap Menkaure.
Menkaure is lightly damaged.
You completely miss Menkaure.
Menkaure is lightly damaged.
Menkaure closely misses you.
You hit Menkaure but do no damage.
You tail-slap Menkaure, but do no damage.
Menkaure is lightly damaged.
Menkaure is no longer moving slowly.
Menkaure completely misses you.
Your magical contamination has completely faded away.
You barely miss Menkaure.
You tail-slap Menkaure, but do no damage.
Menkaure is lightly damaged.
Menkaure points at you and mumbles some strange words.
Pain shoots through your body!
* * * LOW HITPOINT WARNING * * *
Menkaure points at you and mumbles some strange words.
You struggle to resist.
Aiming: Slow (safe; 16% risk of failure)
Press: ? - help, Q - select action, (/) - cycle Shift-Dir - straight line, f/p - Menkaure
Aim: Menkaure (lightly damaged, fast, chance to affect: 37%) Menkaure seems to slow down.
Menkaure is no longer moving slowly.
Menkaure calls on the powers of darkness!
Your body is wracked with pain!
* * * LOW HITPOINT WARNING * * *
Menkaure giggles, "These cerements are ticklish..."
Menkaure calls on the powers of darkness!
Your body is wracked with pain!
* * * LOW HITPOINT WARNING * * *
Menkaure sighs, "It doesn't hurt if you pull your brain out of your nose yourself."
Menkaure calls on the powers of darkness!
Your body is wracked with pain!
* * * LOW HITPOINT WARNING * * *
Menkaure gestures at you while chanting.
Pain shoots through your body!
You die...

#...##.....##............
#....#.....##..#.........
#....###+.###............
#...####.#.#.............
#....M.............#...##
###................>###...#
#.......#.#.........## ....
#..........#......#..# ..
#..#.....$@..........#
##...........#.#..##.....
#...........#####..###...
##...........### #.## ....
#......##....##.##..#....
##.....###..........#.....
#..###.###............>..
######..#..#..#..........
###..#.........##.........


You could see Menkaure (fast).

Vanquished Creatures
  An ice beast (D:4)
  An ogre (D:5)
  A phantom (D:5)
  Blork the orc (D:4)
  A centaur skeleton (D:5)
  A hound skeleton (D:5)
  3 adders
  A howler monkey skeleton (D:5)
  4 gnolls (D:2)
  An ufetubus (D:4)
  A worm (D:2)
  A dart slug (D:4)
  2 orcs (D:3)
  2 bats
  4 endoplasms
  A giant cockroach (D:4)
  6 goblins
  3 hobgoblins
  2 jackals (D:2)
  3 kobolds
  7 ball pythons
  3 frilled lizards
  A goblin skeleton (D:5)
  A goblin zombie (D:5)
  3 hobgoblin zombies (D:5)
  A kobold skeleton (D:5)
  An orc zombie (D:5)
  2 rats
59 creatures vanquished.

Vanquished Creatures (collateral kills)
  A wyvern zombie (D:4)
  A crimson imp (D:5)
  A jelly (D:4)
  2 adders
  3 orcs (D:3)
  An endoplasm (D:2)
  2 hobgoblins (D:2)
  2 jackals (D:2)
  2 kobolds
  A kobold zombie (D:5)
16 creatures vanquished.

Vanquished Creatures (others)
  5 dream sheep (D:3)
  2 withered plants (D:5)
7 creatures vanquished.

Grand Total: 82 creatures vanquished

Notes
Turn   | Place    | Note
-------+----------+-------------------------------------------
     0 | D:1      | RevDB the Draconian Hedge Wizard began the quest for the
                  | Orb.
     0 | D:1      | Reached XP level 1. HP: 14/14 MP: 4/4
   819 | D:1      | Reached XP level 2. HP: 22/22 MP: 4/6
   824 | D:1      | Learned a level 2 spell: Call Imp
   850 | D:1      | Reached skill level 1 in Fighting
  1400 | D:2      | Found a faded altar of an unknown god.
  1945 | D:2      | Reached XP level 3. HP: 28/28 MP: 7/7
  1995 | D:2      | Found Ofuciad's Distillery.
  2025 | D:2      | Found Miehiext's Distillery.
  2202 | D:2      | Found Suopay's Antique Weapon Boutique.
  2230 | D:2      | Found Cabemnoj's Jewellery Boutique.
  2244 | D:2      | Found a broken altar of Ashenzari.
  2554 | D:3      | Identified the +4 chain mail "Wuploigh" {rCorr Dex+2}
  2624 | D:5      | Entered Level 5 of the Dungeon
  2951 | D:2      | Reached XP level 4. HP: 19/35 MP: 0/9
  3728 | D:3      | Noticed a dream sheep
  3728 | D:3      | Noticed a dream sheep
  3728 | D:3      | Noticed a dream sheep
  3728 | D:3      | Noticed a dream sheep
  3728 | D:3      | Noticed a dream sheep
  3728 | D:3      | Found a shimmering altar of Xom.
  3731 | D:3      | Killed a dream sheep
  3733 | D:3      | Killed a dream sheep
  3733 | D:3      | Killed a dream sheep
  3735 | D:3      | Killed a dream sheep
  3735 | D:3      | Killed a dream sheep
  4396 | D:4      | Reached XP level 5. HP: 38/41 MP: 5/10
  5040 | D:5      | Noticed Eustachio
  5072 | D:5      | Noticed Menkaure
  5155 | D:5      | Noticed Blork the orc
  5167 | D:5      | Reached skill level 1 in Short Blades
  5256 | D:4      | Killed Blork the orc
  5257 | D:4      | Reached XP level 6. HP: 23/50 MP: 3/11
  5559 | D:5      | Noticed an ice beast
  5650 | D:4      | Killed an ice beast
  5651 | D:4      | Reached skill level 4 in Spellcasting
  5800 | D:5      | Reached skill level 1 in Long Blades
  5870 | D:5      | Noticed Prince Ribbit
  5883 | D:5      | Found a runed translucent door.
  5883 | D:5      | Noticed Bediveer's ghost (novice DrTm)
  5937 | D:5      | Your scales start taking on a dull iron-grey colour.
  5937 | D:5      | Reached XP level 7. HP: 32/57 MP: 2/13
  6443 | D:5      | Found a glowing golden altar of the Shining One.
  6516 | D:5      | Became a worshipper of the Shining One
  6587 | D:5      | Reached skill level 1 in Earth Magic
  6589 | D:5      | Learned a level 1 spell: Slow
  6637 | D:5      | Killed from afar by Menkaure

Illustrated notes

Levels and vault maps discovered:
D:1:      lightli_arrival_statue_moat, layout_basic, due_unseen_surprise
D:2:      layout_basic, hellmonk_ecumenical_altar_heavens_door, serial_shops,
          nicolae_lakefront_shop, shop, shop, shop, basic_altar
D:3:      layout_basic, kb_xom_exploding_sheep, minmay_misc_feat_chi,
          hangedman_decor_push
D:4:      layout_rooms
D:5:      gammafunk_wand_slinger, layout_cave_pools,
          nicolae_tso_besieged_by_evil, gammafunk_ghost_grave,
          uniq_prince_ribbit1, uniq_blork_the_orc, uniq_menkaure, uniq_eustachio

Skill      XL: |  1  2  3  4  5  6  7 |
---------------+----------------------+-----
Fighting       | 1 2 3 |  3.3
Conjurations   | 2 3 |  3.5
Summonings     | 2 3 |  3.2
Dodging        | 2 3 |  3.0
Short Blades   | 1 |  1.2
Spellcasting   | 4 |  4.3
Long Blades    | 1 |  1.6
Earth Magic    | 1 |  1.1
Stealth        | |  1.8
Translocations | |  1.0
Invocations    | |  0.5

Action                   |  1- 3 |  4- 6 |  7- 9 || total
-------------------------+-------+-------+-------++-------
Melee: Dagger            |    37 |    25 |    46 ||   108
       Tailslap          |     5 |    11 |     7 ||    23
       Falchion          |       |    52 |       ||    52
       Short sword       |       |     4 |       ||     4
       Punch             |       |     2 |       ||     2
 Cast: Magic Dart        |    64 |    67 |    14 ||   145
       Call Imp          |    10 |    26 |     2 ||    38
       Slow              |       |       |     3 ||     3
  Use: Scroll            |     7 |     3 |       ||    10
       Potion            |     3 |       |       ||     3
 Stab: Sleeping          |     1 |       |       ||     1
       Distracted        |       |     1 |       ||     1
Armor: Skin              |    21 |    30 |    13 ||    64
Dodge: Dodged            |    33 |    70 |    26 ||   129
